AoeStats
← DonphanJoey

Four Lakes

509476407Analyzed
1v1 RM · 5d ago on Sep 26, 2026· 42m 37s· 2 players
Game mode
Random Map
Map size
Tiny (2 player)
Population
200
Speed
Normal
Resources
Standard
Victory
Conquest
Starting age
Dark Age
Ending age
Imperial Age
RankedLock teamsTeams togetherTeam positionsShared explorationLock speedFull tech treeHidden civsTurbo modeCheats
Victory
Defeat
🇦🇷 Byzantines · Argentina
952
+18
🇬🇧 Cumans · United Kingdom
991
-18
Nahaff
0:35 Loom
11:01 Feudal Age
13:43 Double-Bit Axe
14:53 Horse Collar
16:15 Gold Mining
19:12 Castle Age
17:50 Forging
18:27 Stone Mining
18:33 Fletching
20:58 Wheelbarrow
22:59 Iron Casting
24:06 Scale Barding Armor
25:06 Stone Shaft Mining
25:19 Husbandry
27:31 Chain Barding Armor
29:09 Bow Saw
29:02 Heavy Plow
28:47 Pikeman
33:55 Imperial Age
33:07 Hand Cart
35:01 Conscription
37:44 Plate Barding Armor
36:34 Heavy Camel Rider
38:54 Bodkin Arrow
40:09 Two-Man Saw
41:34 Ballistics
42:17 Chemistry
DonphanJoey
11:05 Feudal Age
9:21 Loom
14:04 Double-Bit Axe
14:03 Horse Collar
14:19 Fishing Lines
18:56 Bloodlines
21:13 Castle Age
19:25 Scale Barding Armor
19:41 Forging
21:21 Bloodlines
21:33 Stone Mining
22:10 Gold Mining
24:55 Gold Shaft Mining
25:11 Wheelbarrow
25:52 Bow Saw
26:46 Chain Barding Armor
27:20 Hand Cart
29:28 Iron Casting
30:03 Light Cavalry
35:00 Imperial Age
36:39 Plate Barding Armor
37:05 Blast Furnace
37:09 Fletching
37:19 Padded Archer Armor
37:31 Crossbowman
38:17 Thumb Ring
38:12 Bodkin Arrow
41:15 Blast Furnace
40:30 Leather Archer Armor
Connection lost

Rejoining the realm…

Still unreachable

The connection could not be restored.

Session expired

The server has moved on; the page needs a fresh start.